 Dungeon Crawl Stone Soup version 0.30.1-11-g7821555f0a (webtiles) character file.

Game seed: 3449972852381026236

28431 lonewolfV2 the Eye of the Storm (level 13, -2/148 HPs)
             Began as a Formicid Fighter on Nov 15, 2023.
             Was a Priest of Qazlal.
             Splashed by a brown ugly thing's acid (5 damage)
             ... on level 14 of the Dungeon.
             The game lasted 00:23:28 (15859 turns).

lonewolfV2 the Eye of the Storm (Formicid Fighter) Turns: 15859, Time: 00:23:28

Health: -2/148     AC: 22    Str: 25    XL:     13   Next: 73%
Magic:  0/22       EV:  2    Int:  9    God:    Qazlal [***...]
Gold:   183        SH: 18    Dex: 23    Spells: 12/12 levels left

rFire   . . .        G - +3 battleaxe "Noghyhosm" {holy, rPois Dex+4 Stlth-}
rCold   . . .        j - +1 kite shield
rNeg    . . .        e - melded +0 plate armour
rPois   +            (helmet unavailable)
rElec   .            D - melded +2 cloak of Cakot {Rampage rF+ Dex-5}
rCorr   .            f - melded +2 pair of gloves
SInv    .            w - melded +2 pair of boots
Will    +....        H - amulet "Yrueh" {Spirit Regen+}
Stlth   +            z - ring "Rupat" {rPois Dex+6}
HPRegen 1.24/turn    A - +5 ring of evasion
MPRegen 0.18/turn

%: guardian spirit
@: tree-form, corroded
A: stationary, stasis, torment immunity, boosted hp, permanent stasis, dig
shafts and tunnels, (antennae 3), four strong arms
a: Renounce Religion, Upheaval, Elemental Force


You were on level 14 of the Dungeon.
You worshipped Qazlal.
Qazlal was most pleased with you.
You were a tree.
You visited 1 branch of the dungeon, and saw 14 of its levels.
You visited 1 bazaar.

You collected 1493 gold pieces.
You spent 1310 gold pieces at shops.

Inventory:

Hand Weapons
 a - a +1 war axe of electrocution
 d - a +2 morningstar of freezing
 G - the +3 battleaxe "Noghyhosm" (weapon) {holy, rPois Dex+4 Stlth-}
   (You bought it in a shop in a bazaar)

   Dex:       It affects your dexterity (+4).
   rPois:     It protects you from poison.
   Stlth:     It makes you less stealthy.
Armour
 e - a +0 plate armour (melded)
 f - a +2 pair of gloves (melded)
 j - a +1 kite shield (worn)
 v - a +0 cloak
 w - a +2 pair of boots (melded)
 D - the +2 cloak of Cakot (melded) {Rampage rF+ Dex-5}
   (You found it on level 10 of the Dungeon)

   Dex:       It affects your dexterity (-5).
   rF:        It protects you from fire.
   Rampage:   It bestows one free step when moving towards enemies.
Jewellery
 c - an amulet of faith
 l - a +6 ring of dexterity
 q - a +6 ring of intelligence
 t - a ring of resist corrosion
 z - the ring "Rupat" (left branch) {rPois Dex+6}
   (You found it on level 8 of the Dungeon)

   [ring of dexterity]

   Dex:       It affects your dexterity (+6).
   rPois:     It protects you from poison.
 A - a +5 ring of evasion (right branch)
 B - an amulet of regeneration
 H - the amulet "Yrueh" (around neck) {Spirit Regen+}
   (You bought it in a shop in a bazaar)

   [amulet of guardian spirit]

   It causes incoming damage to be divided between your reserves of health and
   magic.
   Regen:     It increases your rate of health regeneration.
Wands
 i - a wand of flame (39)
 x - a wand of paralysis (6)
 y - a wand of mindburst (8)
Scrolls
 h - a scroll of poison
 r - 2 scrolls of fog
 s - a scroll of magic mapping
Potions
 b - a potion of attraction {unknown}
 g - a potion of brilliance {unknown}
 k - 3 potions of magic
 m - 5 potions of haste
 n - a potion of berserk rage {unknown}
 o - a potion of lignification
 p - 2 potions of flight
 u - 2 potions of degeneration {unknown}
 C - a potion of ambrosia {unknown}
 E - 2 potions of resistance {unknown}
 F - a potion of mutation {unknown}


   Skills:
 * Level 8.5 Fighting
 - Level 9.4(11.0) Axes
 - Level 9.1(10.8) Maces & Flails
 - Level 12.1 Armour
 - Level 10.6 Shields
 - Level 13.3 Invocations


You had 12 spell levels left.
You didn't know any spells.
Your spell library contained the following spells:

 Spells                   Type           Power      Damage    Failure   Level
 Beastly Appendage        Tmut           0%         N/A       56%         1
 Sting                    Tmut/Pois      0%         1d3       56%         1
 Cigotuvi's Dreadful Rot  Necr/Pois/Air  0%         N/A       71%         2
 Poisonous Vapours        Pois/Air       0%         N/A       71%         2
 Static Discharge         Conj/Air       0%         2-2/arc   71%         2
 Wereblood                Tmut           0%         N/A       71%         2
 Frozen Ramparts          Ice            0%         1d1       90%         3
 Portal Projectile        Hex/Tloc       0%         N/A       90%         3
 Spider Form              Tmut/Pois      0%         N/A       90%         3
 Tukima's Dance           Hex            0%         N/A       90%         3
 Airstrike                Air            0%         2d(0-16)  100%        4
 Anguish                  Hex/Necr       0%         N/A       100%        4
 Cause Fear               Hex            0%         N/A       100%        4
 Dispel Undead            Necr           0%         3d6       100%        4
 Ice Form                 Ice/Tmut       0%         N/A       100%        4
 Manifold Assault         Tloc           0%         N/A       100%        4
 Olgreb's Toxic Radiance  Pois           0%         N/A       100%        4
 Petrify                  Tmut/Erth      0%         N/A       100%        4
 Summon Ice Beast         Ice/Summ       0%         N/A       100%        4
 Summon Lightning Spire   Summ/Air       0%         N/A       100%        4
 Blade Hands              Tmut           0%         N/A       100%        5
 Metabolic Englaciation   Hex/Ice        0%         N/A       100%        5
 Summon Mana Viper        Hex/Summ       0%         N/A       100%        5
 Death Channel            Necr           0%         N/A       100%        6
 Statue Form              Tmut/Erth      0%         N/A       100%        6
 Enfeeble                 Hex            0%         N/A       100%        7
 Monstrous Menagerie      Summ           0%         N/A       100%        7
 Storm Form               Tmut/Air       0%         N/A       100%        7
 Blink                    Tloc           Unusable   N/A       N/A         2

Dungeon Overview and Level Annotations

Branches:
Dungeon (14/15)            Temple (0/1) D:5            Lair (0/5) D:8
    Orc (0/2) D:11
 Vaults: D:13-14

Altars:
Cheibriados
Gozag
Hepliaklqana
Nemelex Xobeh
Okawaru
Qazlal
Sif Muna
Trog
Vehumet
Xom
Yredelemnul
Zin
The Shining One

Shops:
D:4 =   D:5 (   D:10 :

Annotations:
D:3 3 runed translucent doors, jagang's ghost, amateur BaMo
D:4 3 runed translucent doors, Azazsd's ghost, amateur DsCK


Innate Abilities, Weirdness & Mutations

You are a tree.
Your roots penetrate the ground, keeping you stationary.
You cannot be teleported.
You are immune to unholy pain and torment.
Your maximum health is greatly increased.
Your equipment is partially melded.
You cannot be hasted, slowed, berserked, paralysed or teleported.
You can dig through walls and to a lower floor.
((You have a pair of large antennae on your head. (SInv)))
Your four strong arms can wield two-handed weapons with a shield.


Message History

You completely miss the red ugly thing. The red ugly thing barely misses you.
The cyan ugly thing basks in the mutagenic energy from its kin and changes!
You block the red ugly thing's attack.
The red ugly thing pecks you but does no damage.
The brown ugly thing bites you.
You are splashed with acid!
The cyan ugly thing stings you but does no damage.
The brown ugly thing headbutts you!
* * * LOW HITPOINT WARNING * * *
You are splashed with acid!
* * * LOW HITPOINT WARNING * * *
You block the red ugly thing's attack.
Really quaff the potion of lignification?
You turn into a tree.
The +2 cloak of Cakot {Rampage rF+ Dex-5} melds into your body.
Your +2 pair of gloves melds into your body.
Your +2 pair of boots melds into your body.
Your +0 plate armour melds into your body.
Your roots penetrate the ground.
You block the red ugly thing's attack.
The red ugly thing pecks you but does no damage.
The cyan ugly thing basks in the mutagenic energy from its kin and changes!
The brown ugly thing bites you but does no damage.
The brown ugly thing headbutts you!
* * * LOW HITPOINT WARNING * * *
You are splashed with acid!
* * * LOW HITPOINT WARNING * * *
You block the red ugly thing's attack.
You slash the brown ugly thing!
The brown ugly thing is almost dead.
You hit the red ugly thing. You slash the brown ugly thing!
You barely miss the red ugly thing. You slash the red ugly thing!
You barely miss the red ugly thing. You block the red ugly thing's attack.
The red ugly thing pecks you but does no damage.
The brown ugly thing bites you.
* * * LOW HITPOINT WARNING * * *
You are splashed with acid!
* * * LOW HITPOINT WARNING * * *
The brown ugly thing headbutts you.
* * * LOW HITPOINT WARNING * * *
You are splashed with acid.
You die...

.........
........#
........#
...uu...#
....u...#
....uu..##########
......u)u........#
......u♣u........#
......uu##########
........#
........#
........#
........#
........#
........#


You could see 11 ugly things.

Vanquished Creatures
  A catoblepas (D:13)
  Erica (D:10)
  A centaur warrior (D:13)
  A boulder beetle (D:12)
  3 two-headed ogres
  The ghost of rundlesten the Magician, a novice OpHW of Gozag (D:10)
  Lodul (D:13)
  Amaemon (D:9)
  5 skeletal warriors
  A wolf spider zombie (D:13)
  A deep elf pyromancer (D:13)
  2 ugly things
  A manticore (D:12)
  3 cyclopes
  Joseph (D:7)
  6 centaur zombies (D:13)
  An orange demon (D:9)
  2 unseen horrors
  A gargoyle (D:11)
  A komodo dragon (D:11)
  Maggie (D:7)
  2 trolls
  Grinder (D:5)
  Prince Ribbit (D:5)
  A hornet (D:9)
  7 slime creatures
  3 shadows
  2 vampires (D:13)
  22 yaks
  4 wraiths
  2 wyverns
  A steam dragon (D:10)
  2 acid dragons
  4 water moccasins
  Duvessa (D:4)
  A sky beast (D:6)
  2 ice beasts
  5 orc warriors
  8 ogres
  A black bear (D:5)
  A wolf (D:8)
  An ogre (shapeshifter) (D:13)
  7 centaurs
  2 phantoms (D:4)
  4 kobold brigands
  A bullfrog (D:6)
  2 scorpions
  Dowan (D:4)
  9 killer bees
  7 howler monkeys
  2 electric eels (D:8)
  6 hounds
  2 jellies
  8 orc priests
  Crazy Yiuf (D:6)
  2 gnoll boudas
  4 iguanas
  A sleepcap (D:6)
  14 orc wizards
  Robin (D:2)
  10 gnolls
  7 river rats (D:6)
  10 adders
  3 shadow imps
  A white imp (D:7)
  An ufetubus (D:5)
  4 worms
  4 dart slugs
  48 orcs
  3 ball pythons
  9 bats
  3 endoplasms
  2 giant cockroaches (D:4)
  15 goblins
  8 hobgoblins
  3 jackals (D:1)
  9 quokkas
  11 frilled lizards
  31 kobolds
  20 rats
  A spectral orc (D:9)
385 creatures vanquished.

Vanquished Creatures (collateral kills)
  A skeletal warrior (D:12)
1 creature vanquished.

Grand Total: 386 creatures vanquished

Notes
Turn   | Place    | Note
-------+----------+-------------------------------------------
     0 | D:1      | lonewolfV2 the Formicid Fighter began the quest for the
                  | Orb.
     0 | D:1      | Reached XP level 1. HP: 18/18 MP: 1/1
    58 | D:1      | Reached XP level 2. HP: 17/24 MP: 2/2
   275 | D:1      | Reached XP level 3. HP: 30/30 MP: 3/3
   927 | D:2      | Identified the +1 ring mail "Hero's Friend" {rCorr Int+3}
   943 | D:2      | Reached XP level 4. HP: 37/37 MP: 4/4
   970 | D:2      | Found a faded altar of an unknown god.
   971 | D:2      | Noticed Robin
   990 | D:2      | Killed Robin
  1194 | D:2      | Reached XP level 5. HP: 41/43 MP: 5/5
  1503 | D:3      | Reached skill level 5 in Fighting
  1503 | D:3      | Reached skill level 5 in Armour
  1587 | D:3      | Found a runed translucent gate.
  1588 | D:3      | Found a runed translucent gate.
  1588 | D:3      | Found an opulent altar of Gozag.
  1589 | D:3      | Found a runed translucent gate.
  1590 | D:3      | Noticed jagang's ghost (amateur BaMo)
  1925 | D:4      | Noticed a phantom
  1939 | D:4      | Noticed a phantom
  1950 | D:4      | Reached XP level 6. HP: 42/51 MP: 6/6
  1960 | D:4      | Reached XP level 7. HP: 43/58 MP: 7/7
  2089 | D:4      | Found a shimmering altar of Xom.
  2173 | D:4      | Found Mukkua Qessa's Jewellery Shop.
  2396 | D:4      | Noticed Duvessa
  2396 | D:4      | Noticed Dowan
  2407 | D:4      | Killed Duvessa
  2429 | D:4      | Killed Dowan
  2430 | D:4      | Reached skill level 5 in Shields
  2581 | D:4      | Found a runed translucent gate.
  2581 | D:4      | Found a runed translucent gate.
  2581 | D:4      | Found a runed translucent gate.
  2587 | D:4      | Noticed Azazsd's ghost (amateur DsCK)
  2635 | D:4      | Found a shimmering blue altar of Sif Muna.
  2640 | D:4      | Found a sparkling altar of Nemelex Xobeh.
  2640 | D:4      | Found a glowing golden altar of the Shining One.
  2642 | D:4      | Found a stormy altar of Qazlal.
  2646 | D:4      | Found a hazy altar of Hepliaklqana.
  2758 | D:4      | Became a worshipper of Qazlal Stormbringer
  3225 | D:5      | Entered Level 5 of the Dungeon
  3263 | D:5      | Reached XP level 8. HP: 59/64 MP: 8/8
  3319 | D:5      | Noticed Grinder
  3336 | D:5      | Killed Grinder
  3337 | D:5      | Reached skill level 5 in Axes
  3389 | D:5      | Identified the +1 scale mail of Summertime {rN+ Int+5}
  3703 | D:5      | Found Zaschiffa's Antique Weapon Shoppe.
  3848 | D:5      | Found a staircase to the Ecumenical Temple.
  3893 | D:5      | Reached XP level 9. HP: 65/69 MP: 9/9
  3988 | D:5      | Noticed Prince Ribbit
  4020 | D:5      | Killed Prince Ribbit
  4429 | D:6      | Reached * piety under Qazlal
  5062 | D:6      | Found a snail-covered altar of Cheibriados.
  5199 | D:6      | Reached ** piety under Qazlal
  5444 | D:6      | Found a glowing silver altar of Zin.
  5444 | D:6      | Found an opulent altar of Gozag.
  5497 | D:6      | Found a runed translucent door.
  5498 | D:6      | Noticed Crazy Yiuf
  5608 | D:6      | Killed Crazy Yiuf
  5889 | D:7      | Noticed Maggie
  5910 | D:7      | Killed Maggie
  5911 | D:7      | Reached XP level 10. HP: 43/76 MP: 10/10
  6079 | D:7      | Noticed Joseph
  6098 | D:7      | Killed Joseph
  6204 | D:7      | Reached *** piety under Qazlal
  6281 | D:7      | Reached skill level 10 in Shields
  6694 | D:8      | Found an iron altar of Okawaru.
  6813 | D:8      | Found a staircase to the Lair.
  7142 | D:8      | Reached skill level 5 in Maces & Flails
  7498 | D:8      | Reached **** piety under Qazlal
  8129 | D:8      | Identified the ring "Rupat" {rPois Dex+6}
  8656 | D:9      | Reached XP level 11. HP: 81/81 MP: 11/11
  8758 | D:9      | Noticed a two-headed ogre
  8763 | D:9      | Killed a two-headed ogre
  9037 | D:9      | Noticed Amaemon
  9055 | D:9      | Killed Amaemon
  9242 | D:9      | Found a basalt altar of Yredelemnul.
  9674 | D:10     | Entered Level 10 of the Dungeon
  9721 | D:10     | Noticed Erica
  9727 | D:10     | Reached skill level 1 in Invocations
  9734 | D:10     | Killed Erica
  9735 | D:10     | Reached skill level 2 in Invocations
  9742 | D:10     | Reached skill level 3 in Invocations
  9752 | D:10     | Reached skill level 4 in Invocations
  9993 | D:10     | Found a runed translucent door.
  9994 | D:10     | Noticed rundlesten's ghost (novice OpHW)
 10214 | D:10     | Identified the +2 cloak of Cakot {Rampage rF+ Dex-5}
 10312 | D:10     | Found Kiptev's Book Shoppe.
 10344 | D:10     | Found a radiant altar of Vehumet.
 10574 | D:10     | Killed rundlesten's ghost
 10575 | D:10     | Reached skill level 5 in Invocations
 10580 | D:10     | Reached XP level 12. HP: 73/88 MP: 14/16
 10761 | D:11     | Reached ***** piety under Qazlal
 10762 | D:11     | Reached skill level 6 in Invocations
 10763 | D:11     | Noticed a two-headed ogre
 11057 | D:11     | Killed a two-headed ogre
 11058 | D:11     | Reached skill level 7 in Invocations
 11125 | D:11     | Reached skill level 10 in Armour
 11125 | D:11     | Reached skill level 8 in Invocations
 11604 | D:11     | Found a staircase to the Orcish Mines.
 11757 | D:11     | Found a bloodstained altar of Trog.
 12245 | D:12     | HP: 4/88 [white ugly thing (19)]
 12260 | D:12     | Reached skill level 9 in Invocations
 12536 | D:12     | Noticed a boulder beetle
 12554 | D:12     | Killed a boulder beetle
 12627 | D:12     | Reached skill level 10 in Invocations
 12699 | D:12     | Noticed a skeletal warrior
 12703 | D:12     | Noticed a skeletal warrior
 12717 | D:12     | Noticed a skeletal warrior
 12720 | D:12     | Noticed a skeletal warrior
 12723 | D:12     | Noticed a skeletal warrior
 12733 | D:13     | Noticed a centaur warrior
 12751 | D:13     | HP: 4/88 [centaur warrior zombie (2)]
 12753 | D:13     | Killed a centaur warrior
 12762 | D:13     | Reached skill level 11 in Invocations
 12763 | D:13     | Reached XP level 13. HP: 22/93 MP: 21/21
 13046 | D:12     | Reached skill level 12 in Invocations
 13423 | D:12     | HP: 4/93 [skeletal warrior/+0 halberd (8)]
 14344 | D:13     | Noticed Lodul
 14371 | D:13     | Reached skill level 13 in Invocations
 14379 | D:13     | Killed Lodul
 14566 | D:13     | Found a shimmering blue altar of Sif Muna.
 15032 | D:13     | Noticed a catoblepas
 15051 | D:13     | Killed a catoblepas
 15401 | D:13     | Found a gateway to a bazaar.
 15420 | Bazaar   | Entered a bazaar
 15420 | Bazaar   | Found Ehevvi's General Store.
 15420 | Bazaar   | Found Kaluc's Jewellery Shoppe.
 15420 | Bazaar   | Found Bojafeh's Weapon Emporium.
 15420 | Bazaar   | Found Diat's Jewellery Emporium.
 15420 | Bazaar   | Found Atsiorgh's Weapon Shoppe.
 15481 | Bazaar   | Bought the +3 battleaxe "Noghyhosm" {holy, rPois Dex+4
                  | Stlth-} for 718 gold pieces
 15496 | Bazaar   | Bought the amulet "Yrueh" {Spirit Regen+} for 592 gold
                  | pieces
 15859 | D:14     | HP: 7/148 [acid (6)]
 15859 | D:14     | HP: 3/148 [brown ugly thing (4)]
 15859 | D:14     | Splashed by a brown ugly thing's acid

Illustrated notes

Levels and vault maps discovered:
D:1:      onia_arrival_mini_spirals, layout_basic, minmay_lizard_king
D:2:      layout_rooms, ebering_ecumenical_altar_mist, minmay_close_crescents,
          uniq_robin
D:3:      layout_rooms, ebering_ghost_gozag, nicolae_wormholes
D:4:      layout_basic, xom_confusion_cloud, minitemple, gammafunk_ghost_split,
          chequers_serial_rivers_micro_b, nicolae_inconvenience_store,
          lightli_corner_chamber, uniq_duvessa
D:5:      layout_loops_corners, minmay_temple_entry_junction_2, serial_shops,
          nicolae_shop_rolling_square, uniq_grinder, uniq_prince_ribbit1
D:6:      lemuel_ratsnest, layout_basic, grunt_temple_overflow_gold_and_silver,
          cheibriados_altar_1, uniq_crazy_yiuf_cottage
D:7:      layout_loops_ring, hangedman_decor_push, feat_on_display, uniq_maggie,
          uniq_joseph
D:8:      layout_basic, mainiacjoe_overflow_24_doors, erik_lair_island,
          minivault_10, st_stairs_13
D:9:      layout_loops_corners, yredelemnul_forgotten_temple_becter,
          uniq_amaemon
D:10:     layout_basic, fiery_altar_vehumet, serial_shops, shop,
          ebering_ghost_inner_flame, uniq_erica
D:11:     minmay_spotlight, layout_loops_ring, hiddenorc1_lemuel,
          gauntlet_entry_generic, trog_three_pillars_becter
D:12:     layout_small_grid
D:13:     layout_basic, serial_shops, bzr_firewalk, serial_undead,
          serial_undead_c, serial_undead_e, serial_undead_e, serial_undead_c,
          serial_undead_c, serial_undead_c, kennysheep_orc_sif_temple,
          uniq_lodul
D:14:     layout_small_grid, david_vaults_4, chequers_big_river,
          minmay_misc_feat_room

Skill      XL: |  1  2  3  4  5  6  7  8  9 10 11 12 13 |
---------------+----------------------------------------+-----
Armour         | 4 5 6 7 9 11 12 | 12.1
Fighting       | 4 5 6 8 |  8.5
Axes           | 4 6 9 |  9.4
Shields        | 5 7 9 10 | 10.6
Maces & Flails | 6 9 |  9.1
Invocations    | 5 11 13 | 13.3

Action                     |  1- 3 |  4- 6 |  7- 9 | 10-12 | 13-15 || total
---------------------------+-------+-------+-------+-------+-------++-------
  Melee: War axe           |    88 |    95 |   307 |       |       ||   490
         Morningstar       |       |       |       |   567 |   197 ||   764
         Battleaxe         |       |       |       |       |    17 ||    17
 Invoke: Disaster Area     |       |       |       |       |     2 ||     2
         Elemental Force   |       |       |       |       |     1 ||     1
  Evoke: Wand              |       |       |       |       |     7 ||     7
    Use: Scroll            |       |     4 |     7 |     8 |     1 ||    20
         Potion            |       |       |     2 |     9 |     3 ||    14
 Armour: Scale mail        |    20 |       |       |       |       ||    20
         Plate armour      |    56 |    63 |   131 |   320 |   143 ||   713
         Skin              |       |       |       |       |     3 ||     3
  Dodge: Dodged            |    59 |    25 |    57 |   166 |    87 ||   394
         Repelled          |       |       |       |     2 |     1 ||     3
  Block: Buckler           |    22 |     6 |       |       |       ||    28
         Kite shield       |       |    50 |   167 |   642 |   251 ||  1110
